 Dungeon Crawl Stone Soup version 0.27-a0-1200-g94dc6ad (webtiles) character file.

Game seed: 17042872952841307439

65 Meow the Sneak (level 4, 36/36 HPs)
             Began as a Naga Venom Mage on May 30, 2021.
             Quit the game on level 3 of the Dungeon.
             The game lasted 00:07:42 (2114 turns).

Meow the Sneak (Naga Venom Mage)                    Turns: 2114, Time: 00:07:43

Health: 36/36      AC:  3    Str: 11    XL:     4   Next: 13%
Magic:  6/8        EV:  9    Int: 16    God:
Gold:   104        SH:  0    Dex: 11    Spells: 1/8 levels left

rFire    . . .     SeeInvis +   a - +0 falchion
rCold    . . .     Faith    .   (no shield)
rNeg     . . .     Spirit   .   c - +0 robe
rPois    +         Reflect  .   (no helmet)
rElec    .         Harm     .   k - +0 cloak
rCorr    .         Rampage  .   (no gloves)
Will     .....                  (no barding)
Stlth    +++.......             (no amulet)
HPRegen  0.12/turn              (no ring)
MPRegen  0.11/turn              (no ring)

@: very slow
A: AC +1, large, see invisible, deformed body, poison resistance, slowness 2,
spit poison 1, naga tail 1
a: Spit Poison


You were on level 3 of the Dungeon.
You visited 1 branch of the dungeon, and saw 3 of its levels.

You collected 104 gold pieces.

Inventory:

Hand Weapons
 a - a +0 falchion (weapon)
 n - a +0 long sword
Missiles
 b - 51 stones (quivered)
 t - 21 sling bullets
Armour
 c - a +0 robe (worn)
 k - a +0 cloak (worn)
 r - a +0 buckler
Wands
 s - a wand of paralysis (6)
Scrolls
 g - a scroll of enchant armour {unknown}
 i - a scroll of fear {unknown}
 l - a scroll of identify {unknown}
 m - a scroll of silence {unknown}
 o - a scroll of acquirement {unknown}
 p - a scroll of teleportation {unknown}
 q - a scroll of fog {unknown}
Potions
 d - 2 potions of degeneration {unknown}
 e - 2 potions of ambrosia {unknown}
 f - 3 potions of brilliance {unknown}
 h - a potion of might {unknown}
 j - a potion of flight {unknown}


   Skills:
 - Level 1.5 Dodging
 * Level 4.7 Stealth
 + Level 0.3 Shields
 * Level 2.8 Spellcasting
 + Level 1.3 Conjurations
 - Level 1.0 Transmutations
 - Level 4.0 Poison Magic


You had one spell level left.
You knew the following spells:

 Your Spells              Type           Power      Damage    Failure   Level
a - Sting                 Tmut/Pois      40%        1d5       7%          1
c - Mephitic Cloud        Conj/Pois/Air  8%         N/A       26%         3
C - Ignite Poison         Fire/Tmut/Pois 7%         N/A       28%         3

Your spell library contained the following spells:

 Spells                   Type           Power      Damage    Failure   Level
 Magic Dart               Conj           24%        1d4       11%         1
 Poisonous Vapours        Pois/Air       16%        N/A       13%         2
 Blink                    Tloc           N/A        N/A       28%         2
 Call Imp                 Summ           2%         N/A       28%         2
 Slow                     Hex            2%         N/A       28%         2
 Olgreb's Toxic Radiance  Pois           15%        N/A       36%         4
 Conjure Flame            Conj/Fire      4%         6-21      41%         3


Dungeon Overview and Level Annotations

Branches:
Dungeon (3/15)

Altars:
Fedhas


Innate Abilities, Weirdness & Mutations

Your serpentine skin is tough. (AC +1)
You have supernaturally acute eyesight. (SInv)
Armour fits poorly on your strangely shaped body.
Your system is resistant to poisons. (rPois)
You cover ground very slowly.
You can spit poison.
You have a snake-like lower body.


Message History

You open the door. 4 orcs and an orc wizard come into view.
An orc is wielding a +1 mace of protection.
Found a robe.
You close the door.
Found a ring mail.
A bat comes into view.
A bat is nearby!
Press: ? - help, Shift-Dir - straight line, f - bat
Aim: a bat (asleep)
The splash of poison hits the bat!
You kill the bat!
Unknown command.
You have got your breath back.
Found 21 sling bullets.
You see here 21 sling bullets.
t - 21 sling bullets
Found an escape hatch in the ceiling.
You open the door.
An adder and a jelly come into view.
You close the door.
An adder comes into view.
Press: ? - help, Shift-Dir - straight line, f - adder
Aim: an adder (asleep)
The splash of poison hits the adder but does no damage.
The adder is poisoned.
The adder hisses angrily.
Unknown command.
Casting: Sting (safe; 7% risk of failure)
Confirm with . or Enter, or press ? or * to list all spells.
Aiming: Sting (safe; 7% risk of failure)
Press: ? - help, Shift-Dir - straight line, f/p - adder
Aim: an adder (poisoned, 53% to hit)
The sting hits the adder.
The adder looks even sicker.
The adder is heavily wounded.
You have got your breath back.
You kill the adder!
You have reached level 4!
You feel stronger.
Are you sure you want to abandon this character and quit the game? (Confirm with "yes".)

##########
.........#########
########.........#
##...######@#
#.....# #.#
##...## #†# ##.##
... #.# .#.#. #.#
.##.... #+# ## ###
## ... .....


There were no monsters in sight!

Vanquished Creatures
  Ijyb (D:3)
  An adder (D:3)
  An endoplasm (D:1)
  4 giant cockroaches (D:1)
  2 goblins
  3 hobgoblins
  4 jackals (D:1)
  2 kobolds (D:2)
  A ball python (D:2)
  4 bats
  2 frilled lizards
  2 rats
27 creatures vanquished.

Notes
Turn   | Place    | Note
-------+----------+-------------------------------------------
     0 | D:1      | Meow the Naga Venom Mage began the quest for the Orb.
     0 | D:1      | Reached XP level 1. HP: 15/15 MP: 3/3
   284 | D:1      | Reached XP level 2. HP: 20/22 MP: 1/5
   366 | D:1      | Found a faded altar of an unknown god.
  1363 | D:2      | Reached XP level 3. HP: 28/28 MP: 6/6
  1367 | D:2      | Learned a level 3 spell: Mephitic Cloud
  1371 | D:2      | Learned a level 3 spell: Ignite Poison
  1566 | D:2      | Found a blossoming altar of Fedhas.
  1622 | D:2      | Reached skill level 1 in Conjurations
  1829 | D:3      | Noticed Ijyb
  1829 | D:3      | Paralysed by Ijyb for 3 turns
  1845 | D:3      | Killed Ijyb
  2114 | D:3      | Reached XP level 4. HP: 36/36 MP: 6/8
  2114 | D:3      | Quit the game

Illustrated notes

Levels and vault maps discovered:
D:1:      dpeg_arrival_prison, layout_basic, ebering_ecumenical_altar_webs
D:2:      layout_basic, basic_altar, minmay_misc_feat_tiny
D:3:      layout_loops_corners, vehumet_statue, lemuel_blue_sif_altar,
          chequers_avenue, minivault_19, uniq_ijyb

Skill      XL: |  1  2  3 |
---------------+----------+-----
Stealth        | 4 |  4.7
Conjurations   | 1 |  1.3
Dodging        | |  1.5
Shields        | |  0.3
Spellcasting   | |  2.8
Transmutations | |  1.0
Poison Magic   | |  4.0

Action                   |  1- 3 |  4- 6 || total
-------------------------+-------+-------++-------
Melee: Falchion          |     5 |       ||     5
Throw: Stone             |     3 |       ||     3
 Cast: Sting             |    22 |       ||    22
       Mephitic Cloud    |     1 |       ||     1
 Abil: Spit Poison       |    34 |       ||    34
  Use: Scroll            |     2 |       ||     2
 Stab: Confused          |     2 |       ||     2
Armor: Robe              |     2 |       ||     2
Dodge: Dodged            |    16 |       ||    16

Table legend: (Time is in decaauts)
 A = Elapsed time spent in this place.
 B = Non-inter-level travel time spent in this place.
 C = Inter-level travel time spent in this place.
 D = Time resting spent in this place.
 E = Time spent auto-exploring this place.
 F = Levels seen in this place.
 G = Mean time per level.
                   A        B        C        D        E       F      G
               +--------+--------+--------+--------+--------+-----+--------+
         Total |   2736 |   2626 |    110 |    333 |   1405 |   3 |  912.0 |
       Dungeon |   2736 |   2626 |    110 |    333 |   1405 |   3 |  912.0 |
               +--------+--------+--------+--------+--------+-----+--------+

Top non-repeatable levels by time:
     D:2: 1304 daAuts
     D:1: 922 daAuts
     D:3: 510 daAuts
